AoeStats
← 小桦

Arabia

507428664Analyzed
1v1 RM · 15d ago on Sep 18, 2026· 47m 43s· 2 players
Game mode
Random Map
Map size
Tiny (2 player)
Population
200
Speed
Normal
Resources
Standard
Victory
Conquest
Starting age
Dark Age
Ending age
Imperial Age
RankedLock teamsTeams togetherTeam positionsShared explorationLock speedFull tech treeHidden civsTurbo modeCheats
Victory
Defeat
🇦🇷 Huns · Argentina
1384
+16
🇨🇳 Koreans · China
1392
-16
WLORD I niccannor
6:15 Loom
9:32 Feudal Age
10:24 Double-Bit Axe
15:11 Fletching
16:54 Padded Archer Armor
20:14 Wheelbarrow
23:03 Castle Age
22:04 Gold Mining
22:26 Bloodlines
23:08 Crossbowman
24:01 Bow Saw
23:34 Horse Collar
24:19 Bodkin Arrow
28:06 Leather Archer Armor
28:04 Scale Barding Armor
28:18 Leather Archer Armor
30:24 Light Cavalry
31:27 Chain Barding Armor
32:24 Ballistics
43:40 Imperial Age
41:31 Hand Cart
41:02 Town Watch
42:07 Forging
42:54 Heavy Plow
44:49 Iron Casting
44:25 Husbandry
44:45 Hussar
48:06 Plate Barding Armor
小桦
6:17 Loom
9:03 Feudal Age
14:46 Double-Bit Axe
17:37 Horse Collar
18:04 Fletching
23:14 Castle Age
22:17 Gold Mining
23:27 Crossbowman
24:13 Thumb Ring
23:51 Elite Skirmisher
24:58 Bodkin Arrow
26:18 Wheelbarrow
26:33 Town Watch
28:00 Gold Shaft Mining
27:15 Stone Mining
33:31 Stone Shaft Mining
41:24 Imperial Age
Connection lost

Rejoining the realm…

Still unreachable

The connection could not be restored.

Session expired

The server has moved on; the page needs a fresh start.